Description

This is Bomb's TvP Bulletproof BO.

VOD

https://www.youtube.com/watch?v=BxAcNOpjLZ0

Replay - TvP Bombs Bullet Proof Build Order

Build Order

Get SALT Encoding   

  12  0:00  SCV  
  13  0:13  SCV  
  14  0:17  Supply Depot  
  14  0:25  SCV  
  15  0:29  Refinery  
  15  0:39  SCV  
  16  0:45  Barracks  
  16  0:51  SCV  
  17  1:03  SCV  
  18  1:15  SCV  
  19  1:34  Barracks Reactor  
  19  1:35  Orbital Command  
  19  1:46  Command Center  
  19  1:56  Factory  
  19  2:01  SCV  
  20  2:12  Supply Depot  
  20  2:14  SCV  
  21  2:17  Marine x2  
  23  2:23  Refinery  
  23  2:33  SCV  
  23  2:36  Marine x2  
  26  2:42  Starport  
  26  2:46  Widow Mine  
  26  2:49  SCV  
  29  2:55  Marine  
  30  3:02  Orbital Command  
  30  3:04  SCV  
  31  3:14  Marine x2  
  31  3:16  SCV  
  34  3:25  Widow Mine  
  36  3:27  Viking  
  36  3:29  SCV x2  
  40  3:39  Supply Depot  
  40  3:43  Marine x2  
  40  3:45  SCV x2  
  44  3:57  SCV x2  
  44  3:58  Factory Tech Lab  
  44  4:02  Starport Tech Lab  
  46  4:05  Supply Depot  
  46  4:09  SCV x2  
  47  4:14  Marine x2  
  50  4:19  Siege Tank  
  50  4:21  SCV  
  54  4:26  Raven  
  54  4:27  SCV  
  54  4:29  Supply Depot x2  
  57  4:34  Marine x2, SCV  
  60  4:39  SCV  
  61  4:46  SCV  
  61  4:48  Refinery  
  61  4:49  Barracks x2  
  61  4:52  Supply Depot, SCV  
  63  4:53  Marine x2  
  63  4:59  Siege Tank  
  68  5:00  SCV x2  
  70  5:13  Marine x2, SCV x2  
  73  5:16  Supply Depot  
  74  5:25  SCV x2  
  74  5:27  Supply Depot  
  75  5:29  Starport Reactor  
  75  5:31  Siege Tank  
  75  5:33  Marine x2  
  81  5:41  Barracks Tech Lab  
  81  5:42  Barracks x2, SCV  
  82  5:48  SCV  
  83  5:50  Supply Depot  
  83  5:53  Engineering Bay  
  83  5:58  Supply Depot  
  83  5:59  Stimpack, Combat Shields  
  83  6:01  Marine x2  
  85  6:05  Marauder x2  
  85  6:07  Siege Tank  
  85  6:11  SCV  
  93  6:12  Refinery  
  94  6:22  Terran Infantry Weapons Level 1  
  94  6:25  Supply Depot  
  95  6:29  Marine x2  
  95  6:31  Supply Depot x2  
  95  6:32  Marauder  
  99  6:39  Barracks Reactor  
  97  6:41  Barracks Tech Lab  
  97  6:43  Medivac x2  
  97  6:44  Marine x3  
  102  6:52  Marine  
  105  7:02  Marauder  
  105  7:05  Marine x2  
  108  7:09  Marauder x2  
  108  7:10  Supply Depot x2  
  108  7:12  Siege Tank  
  108  7:15  Medivac  
  118  7:16  Marine x2  
  118  7:17  Supply Depot  
  120  7:22  Marine x3  
  120  7:23  Concussive Shells  
  123  7:30  Marauder  
  123  7:32  Marine x3  
  123  7:35  Supply Depot  
  128  7:40  Marine x2  
  128  7:41  Marauder  
  131  7:44  Supply Depot  
  131  7:50  Marauder x2  
  134  7:55  Command Center  
  136  8:02  Marine x2  
  136  8:03  Marauder  
  136  8:05  Medivac x2  
  142  8:11  Siege Tank, Marauder  
  149  8:24  Marine x2, Marauder x2  
Spawning Tool Build Advisor. Get it on Overwolf

Analysis

Build up defenses and army then go with a 2-base All-in

Go to:

Details

  • Created by: WangGang
  • Published on: Aug 22, 2017
  • Modified on: Sep 04, 2017
  • Patch: 3.8.0
Show
View Real Time Build Order
Export as new Build Order

Comments (0)

There are no comments. Be the first!

Create an account to comment!